 Dungeon Crawl Stone Soup version 0.29-a0-322-g68df515428 (webtiles) character file.

Game seed: 4646645470390803106

722 dianekeaton the Cleaver (level 7, -3/57 HPs)
             Began as a Hill Orc Fighter on Apr 6, 2022.
             Slain by a vampire mosquito (8 damage)
             ... on level 5 of the Dungeon.
             The game lasted 00:20:10 (5894 turns).

dianekeaton the Cleaver (Hill Orc Fighter)          Turns: 5894, Time: 00:20:11

Health: -3/57      AC: 18    Str: 21    XL:     7   Next: 71%
Magic:  6/6        EV:  7    Int:  8    God:
Gold:   210        SH:  5    Dex: 10    Spells: 6/6 levels left

rFire   . . .      SeeInvis .   a - +0 war axe
rCold   . . .      Faith    .   c - +1 buckler
rNeg    . . .      Spirit   .   m - +0 chain mail
rPois   .          Reflect  .   d - +1 helmet
rElec   .          Harm     .   l - +0 cloak
rCorr   .          Rampage  .   f - +0 pair of gloves
Will    .....                   o - +2 pair of boots {Stlth+}
Stlth   ..........              (no amulet)
HPRegen 0.19/turn               (no ring)
MPRegen 0.10/turn               (no ring)

@: flying, hasted, very quick
A: iridescent scales 1, low MP 1, no potion heal 1
a: no special abilities


You were on level 5 of the Dungeon.
You visited 1 branch of the dungeon, and saw 6 of its levels.

You collected 210 gold pieces.

Inventory:

Hand Weapons
 a - a +0 war axe (weapon)
Missiles
 h - 2 poisoned darts (quivered)
Armour
 c - a +1 buckler (worn)
 d - a +1 helmet (worn)
 f - a +0 pair of gloves (worn)
 l - a +0 cloak (worn)
 m - a +0 chain mail (worn)
 o - a +2 pair of boots of stealth (worn)
Potions
 g - a potion of flight
 n - a potion of resistance {unknown}


   Skills:
 - Level 3.6 Fighting
 + Level 10.6 Axes
 + Level 1.7 Throwing
 - Level 3.2 Armour
 - Level 0.3 Dodging
 - Level 3.2 Shields


You had 6 spell levels left.
You didn't know any spells.
Your spell library was empty.

Dungeon Overview and Level Annotations

Branches:
Dungeon (6/15)
 Temple: D:4-7

Altars:

Shops:
D:1 =

Annotations:
D:2 Sigmund
D:5 4 runed translucent doors


Innate Abilities, Weirdness & Mutations

You are partially covered in iridescent scales. (AC +2)
Your magical capacity is low. (-10% MP)
Potions are less effective at restoring your health.


Message History

* * * LOW HITPOINT WARNING * * *
The vampire mosquito draws strength from your injuries!
The vampire mosquito bites you but does no damage.
The vampire mosquito barely misses you.
You block the vampire mosquito's attack.
The vampire mosquito attacks as you move away!
The vampire mosquito bites you but does no damage.
You block the vampire mosquito's attack.
The vampire mosquito attacks as you move away!
The vampire mosquito bites you.
* * * LOW HITPOINT WARNING * * *
The vampire mosquito draws strength from your injuries!
The vampire mosquito bites you but does no damage.
The vampire mosquito attacks as you move away!
The vampire mosquito bites you but does no damage.
The vampire mosquito barely misses you.
You reach down and open the door.
The vampire mosquito bites you.
* * * LOW HITPOINT WARNING * * *
The vampire mosquito draws strength from your injuries!
The vampire mosquito bites you but does no damage.
The vampire mosquito barely misses you.
There is an open door here.
The vampire mosquito bites you.
* * * LOW HITPOINT WARNING * * *
The vampire mosquito draws strength from your injuries!
It was a potion of mutation.
You feel extremely strange.
You feel less energetic.
Iridescent scales grow over part of your body.
Your system partially rejects the healing effects of potions.
The vampire mosquito bites you but does no damage. x2
It was a potion of haste.
You feel yourself speed up.
The vampire mosquito bites you but does no damage.
The vampire mosquito barely misses you.
An orc comes into view. It is wielding a +0 dagger.
The orc shouts!
The vampire mosquito bites you but does no damage.
The vampire mosquito barely misses you.
The vampire mosquito attacks as you move away!
The vampire mosquito bites you!
You die...

.#......# ####.>.##
.......... ########
#........ ...... #.......
...... #...... ......
#.....# ...... +.....#
..###+# ######.....#
..##...##.......@..#
..##....#........y.#
..##....#..........#
...#....#....:###'#......
...#....#.>...#...#.....#
...+....#.....+...#.....+
########..........# ....#
.........######...# ....#
........##8)o8##.## ...#


You could see a vampire mosquito.

Vanquished Creatures
  Duvessa (D:5)
  2 black bears
  A scorpion (D:4)
  2 wights
  Dowan (D:5)
  2 hounds (D:5)
  Jessica (D:2)
  6 adders
  A gnoll (D:5)
  2 worms
  6 dart slugs
  4 orcs
  3 ball pythons (D:1)
  4 endoplasms
  A giant cockroach (D:2)
  6 goblins
  4 hobgoblins
  A jackal (D:5)
  5 quokkas
  4 bats
  6 kobolds
  4 rats
67 creatures vanquished.

Vanquished Creatures (others)
  A plant (D:1)
1 creature vanquished.

Grand Total: 68 creatures vanquished

Notes
Turn   | Place    | Note
-------+----------+-------------------------------------------
     0 | D:1      | dianekeaton the Hill Orc Fighter began the quest for the
                  | Orb.
     0 | D:1      | Reached XP level 1. HP: 19/19 MP: 1/1
    94 | D:1      | Found Sairchoux's Jewellery Boutique.
   111 | D:1      | Reached skill level 3 in Axes
   169 | D:1      | Reached XP level 2. HP: 25/26 MP: 2/2
   862 | D:1      | Found a faded altar of an unknown god.
   978 | D:2      | Reached skill level 4 in Axes
   978 | D:2      | Reached XP level 3. HP: 28/31 MP: 3/3
  1254 | D:2      | Noticed Jessica
  1261 | D:2      | Killed Jessica
  1262 | D:2      | Reached skill level 5 in Axes
  1262 | D:2      | Reached XP level 4. HP: 25/39 MP: 4/4
  1639 | D:2      | Noticed Sigmund
  2338 | D:3      | Reached skill level 6 in Axes
  3163 | D:3      | Reached XP level 5. HP: 39/45 MP: 5/5
  3380 | D:4      | Reached skill level 7 in Axes
  3413 | D:3      | Reached XP level 6. HP: 17/46 MP: 6/6
  4142 | D:4      | Noticed a black bear
  4466 | D:3      | Killed a black bear
  4467 | D:3      | Reached skill level 8 in Axes
  4663 | D:4      | Reached skill level 1 in Throwing
  5091 | D:4      | Reached skill level 9 in Axes
  5182 | D:4      | You fall into a shaft and drop 2 floors!
  5182 | D:6      | Noticed a black bear
  5197 | D:5      | Entered Level 5 of the Dungeon
  5208 | D:5      | Killed a black bear
  5209 | D:5      | Reached XP level 7. HP: 7/57 MP: 7/7
  5592 | D:5      | Noticed Duvessa
  5592 | D:5      | Noticed Dowan
  5658 | D:5      | Found a large runed translucent door.
  5658 | D:5      | Found a large runed translucent door.
  5672 | D:5      | Killed Dowan
  5673 | D:5      | Killed Duvessa
  5674 | D:5      | Reached skill level 10 in Axes
  5808 | D:5      | Noticed a yak
  5840 | D:5      | Noticed a vampire mosquito
  5873 | D:5      | Found a large runed translucent door.
  5873 | D:5      | Found a large runed translucent door.
  5889 | D:5      | Gained mutation: Your magical capacity is low. (-10% MP)
                  | [potion of mutation]
  5889 | D:5      | Gained mutation: You are partially covered in iridescent
                  | scales. (AC +2) [potion of mutation]
  5889 | D:5      | Gained mutation: Potions are less effective at restoring
                  | your health. [potion of mutation]
  5894 | D:5      | Slain by a vampire mosquito

Illustrated notes

Levels and vault maps discovered:
D:1:      psy_arrival_basics, layout_basic, serial_shops,
          nicolae_shop_advertising_works [nicolae_subvault_shop_adworks],
          shapermc_ecumenical_altar_mp_urbaneastern, hangedman_feature_mirror
D:2:      minmay_chambers_of_ones, layout_loops_ring, uniq_sigmund, uniq_jessica
D:3:      layout_basic
D:4:      layout_gridville
D:5:      layout_gridville, minmay_hollow_rounded_squares, uniq_duvessa
D:6:      layout_basic, minmay_temple_entry_large_hall, serial_curves,
          eino_curves_04, eino_curves_01, nicolae_shop_firing_range

Skill      XL: |  1  2  3  4  5  6  7 |
---------------+----------------------+-----
Axes           | 3 4 5 6 7 9 10 | 10.6
Throwing       | 1 |  1.7
Fighting       | |  3.6
Armour         | |  3.2
Dodging        | |  0.3
Shields        | |  3.2

Action                   |  1- 3 |  4- 6 |  7- 9 || total
-------------------------+-------+-------+-------++-------
Melee: War axe           |    56 |   153 |    34 ||   243
Throw: Dart              |     3 |    10 |     2 ||    15
       Throwing net      |     1 |     2 |       ||     3
  Use: Scroll            |     6 |     1 |     2 ||     9
       Potion            |     1 |     2 |     4 ||     7
 Stab: Held in net/web   |       |     1 |       ||     1
Armor: Scale mail        |     7 |       |       ||     7
       Chain mail        |    21 |   172 |    43 ||   236
Dodge: Dodged            |    17 |    87 |    24 ||   128
Block: Buckler           |    12 |    40 |    14 ||    66

Table legend: (Time is in decaauts)
 A = Elapsed time spent in this place.
 B = Non-inter-level travel time spent in this place.
 C = Inter-level travel time spent in this place.
 D = Time resting spent in this place.
 E = Time spent auto-exploring this place.
 F = Levels seen in this place.
 G = Mean time per level.
                   A        B        C        D        E       F      G
               +--------+--------+--------+--------+--------+-----+--------+
         Total |   5947 |   5716 |    231 |   1949 |   2232 |   6 |  991.2 |
       Dungeon |   5947 |   5716 |    231 |   1949 |   2232 |   6 |  991.2 |
               +--------+--------+--------+--------+--------+-----+--------+

Top non-repeatable levels by time:
     D:3: 2336 daAuts
     D:1: 1237 daAuts
     D:4: 874 daAuts
     D:2: 788 daAuts
     D:5: 697 daAuts
     D:6: 14 daAuts
